 Dungeon Crawl Stone Soup version 0.19.4-8-ga85b6b9 (webtiles) character file.

1034 doot the Merchant of Misery (level 8, -8/42 HPs)
             Began as a Deep Elf Necromancer on Feb 14, 2017.
             Was a Believer of Kikubaaqudgha.
             Mangled by an ogre
             ... wielding a +0 giant spiked club
              (23 damage)
             ... on level 6 of the Dungeon.
             The game lasted 00:40:35 (6769 turns).

doot the Merchant of Misery (Deep Elf Necromancer)  Turns: 6769, Time: 00:40:36

Health: -8/42      AC:  7    Str:  8    XL:     8   Next: 3%
Magic:  18/19      EV: 13    Int: 23    God:    Kikubaaqudgha [**....]
Gold:   381        SH:  0    Dex: 15    Spells: 6 memorised, 4 levels left

rFire  . . .     SeeInvis .     e - +0 dagger
rCold  . . .     Gourm    .     a - +0 robe
rNeg   . . .     Faith    .     (no shield)
rPois  .         Spirit   .     (no helmet)
rElec  .         Reflect  .     h - +0 cloak (curse)
rCorr  .         Harm     .     (no gloves)
MR     .....                    p - +0 pair of boots
Stlth  +++.......               v - amulet of magic regeneration
                                E - +3 ring of protection
                                w - +3 ring of strength

@: regenerating
A: no striking features
a: Receive Corpses, Renounce Religion


You were on level 6 of the Dungeon.
You worshipped Kikubaaqudgha.
Kikubaaqudgha was pleased with you.
You were not hungry.

You visited 1 branch of the dungeon, and saw 8 of its levels.
You also visited: Ossuary.

You collected 381 gold pieces.

Inventory:

Hand Weapons
 e - a +0 dagger (weapon)
 q - a -2 dagger
Missiles
 f - 27 poisoned needles
 l - 66 bolts
 y - 2 silver tomahawks (quivered)
Armour
 a - a +0 robe (worn)
 h - a cursed +0 cloak (worn)
 p - a +0 pair of boots (worn)
Jewellery
 v - an amulet of magic regeneration (around neck)
 w - a +3 ring of strength (left hand)
 E - a +3 ring of protection (right hand)
Wands
 A - a wand of paralysis (10/24)
 D - a wand of iceblast (9/15)
 G - a wand of enslavement (14/24)
Scrolls
 m - 2 scrolls of teleportation
 s - a scroll of fog
 u - 2 scrolls of remove curse
 x - 4 scrolls of identify
 C - 2 scrolls of enchant weapon {unknown}
 F - a scroll of recharging {unknown}
 H - a scroll of amnesia {unknown}
Potions
 g - 2 potions of magic
 j - 2 potions of lignification
 o - 3 potions of agility {unknown}
 r - 2 potions of flight {unknown}
 t - a potion of heal wounds {unknown}
 z - 2 potions of haste {unknown}
 B - 2 potions of degeneration {unknown}
Books
 b - a book of Necromancy

   Spells                             Type                      Level
   a - Pain                           Necromancy                   1
   b - Animate Skeleton               Necromancy                   1
   c - Vampiric Draining              Necromancy                   3
   d - Regeneration                   Charms/Necromancy            3
   e - Animate Dead                   Necromancy                   4
   f - Control Undead                 Necromancy                   4
 k - a book of Misfortune

   Spells                             Type                      Level
   a - Confusing Touch                Hexes                        1
   b - Confuse                        Hexes                        3
   c - Gell's Gravitas                Hexes/Translocation          3
   d - Petrify                        Transmutation/Earth          4
   e - Metabolic Englaciation         Hexes/Ice                    5
   f - Yara's Violent Unravelling     Hexes/Transmutation          5
 n - Kikubaaqudgha's Disquisition on Darkness
   (Kikubaaqudgha gifted it to you on level 4 of the Dungeon)

   Spells                             Type                      Level
   a - Pain                           Necromancy                   1
   b - Corpse Rot                     Necromancy                   2
   c - Sublimation of Blood           Necromancy                   2
   d - Vampiric Draining              Necromancy                   3
   e - Control Undead                 Necromancy                   4
Comestibles
 c - 7 bread rations
 d - 13 fruits
 i - 4 beef jerkies


   Skills:
 + Level 0.4 Fighting
 + Level 1.2 Short Blades
 + Level 0.2 Throwing
 + Level 3.2 Dodging
 + Level 3.8 Stealth
 + Level 6.5 Spellcasting
 + Level 1.0 Hexes
 + Level 1.9 Charms
 * Level 9.8 Necromancy


You had 4 spell levels left.
You knew the following spells:

 Your Spells              Type           Power        Failure   Level  Hunger
a - Pain                  Necr           ####         1%          1    None
b - Animate Skeleton      Necr           N/A          1%          1    None
c - Regeneration          Chrm/Necr      ####......   2%          3    None
d - Animate Dead          Necr           N/A          1%          4    ###....
e - Confuse               Hex            ##......     17%         3    None
f - Control Undead        Necr           ######....   1%          4    ###....


Dungeon Overview and Level Annotations

Branches:
Dungeon (8/15)
 Temple: D:4-7         Lair: D:8-11

Altars:
Ashenzari
Elyvilon
Gozag
Hepliaklqana
Kikubaaqudgha
Makhleb
Qazlal
Uskayaw

Shops:
D:6 %


Message History

Ouch! That really hurt!
* * * LOW HITPOINT WARNING * * *
Your skin is crawling a little less now.
Your skin stops crawling.
Casting: Regeneration
Confirm with . or Enter, or press ? or * to list all spells.
Aiming: Pain
Press: ? - help, Shift-Dir - straight line, f/p - ogre
Aim: an ogre, wielding a giant spiked club (severely wounded, chance to defeat MR: 84%)
The ogre writhes in agony!
The ogre hits you with a giant spiked club!!
Ouch! That really hurt!
* * * LOW HITPOINT WARNING * * *
Casting: Pain
Confirm with . or Enter, or press ? or * to list all spells.
Your skin crawls.
The ogre hits you with a giant spiked club!!
Ouch! That really hurt!
You die...
Kikubaaqudgha rasps: "You have failed me!
Welcome... death!"

### ## ####.# ### .# #.##.# #.#
.# #.#..######.##### .##
##...##..........##
..###....###.)...O##..#####
...##.....##....@.###.....#
.....##...##......##...####
....####...#.....#.....# ###
##...####..............# ##.##
......###.............## ##...#
.......##.............# ##....#
....###.#.............####...###
.....###....##.........#....##
......###..####...>........##


You could see an ogre.

Vanquished Creatures
  Menkaure (D:8)
  An ogre (D:8)
  A phantom (D:4)
  A bullfrog (D:6)
  A scorpion (D:4)
  2 howler monkeys
  A bullfrog zombie (D:5)
  A centaur zombie (D:6)
  A centaur skeleton (D:5)
  3 orc priests
  An orc wizard (D:3)
  3 worker ants
  6 gnolls
  11 adders
  2 worms
  3 dart slugs
  5 leopard geckos
  15 orcs
  7 bats
  3 giant cockroaches
  5 hobgoblins
  7 jackals
  5 quokkas
  A ball python (D:2)
  13 frilled lizards
  7 goblins
  2 kobolds (D:1)
  3 rats (D:2)
112 creatures vanquished.

Vanquished Creatures (collateral kills)
  An ogre (D:4)
  A bullfrog (D:6)
  2 howler monkeys (D:8)
  A bullfrog skeleton (D:6)
  A centaur skeleton (D:5)
  A hound skeleton (D:4)
  An orc (D:4)
  A hobgoblin (D:2)
  2 jackals (D:8)
  A kobold (D:3)
  2 frilled lizards (D:3)
  3 rats
17 creatures vanquished.

Vanquished Creatures (others)
  A plant (D:1)
1 creature vanquished.

Grand Total: 130 creatures vanquished

Notes
Turn   | Place    | Note
-------+----------+-------------------------------------------
     0 | D:1      | doot the Deep Elf Necromancer began the quest for the Orb.
     0 | D:1      | Reached XP level 1. HP: 10/10 MP: 6/6
    32 | D:1      | Reached skill level 5 in Necromancy
   344 | D:1      | Reached XP level 2. HP: 13/15 MP: 6/8
   943 | D:1      | Learned a level 1 spell: Animate Skeleton
  1351 | D:1      | Reached XP level 3. HP: 19/19 MP: 7/9
  1815 | D:2      | Learned a level 3 spell: Regeneration
  1833 | D:2      | Reached skill level 6 in Necromancy
  1850 | D:2      | Reached XP level 4. HP: 10/24 MP: 2/12
  2147 | D:2      | Learned a level 4 spell: Animate Dead
  2394 | D:2      | Found a hazy altar of Hepliaklqana.
  2394 | D:2      | Found a stormy altar of Qazlal.
  2677 | D:3      | Found an ancient bone altar of Kikubaaqudgha.
  2686 | D:3      | Became a worshipper of Kikubaaqudgha
  2996 | D:3      | Found a burning altar of Makhleb.
  2996 | D:3      | Found a faded altar of an unknown god.
  3020 | D:3      | Reached XP level 5. HP: 24/28 MP: 6/13
  3058 | D:3      | Learned a level 3 spell: Confuse
  3217 | D:3      | Reached skill level 7 in Necromancy
  3463 | D:3      | Found a faded altar of an unknown god.
  3465 | D:3      | Found a faded altar of an unknown god.
  3466 | D:3      | Found a faded altar of an unknown god.
  3833 | D:4      | Reached * piety under Kikubaaqudgha
  3833 | D:4      | Identified Kikubaaqudgha's Disquisition on Darkness (Kikubaaqudgha gifted it to you on level 4 of the Dungeon)
  3833 | D:4      | Received a gift from Kikubaaqudgha
  3893 | D:4      | Reached XP level 6. HP: 23/32 MP: 10/15
  3934 | D:4      | Found a white marble altar of Elyvilon.
  3934 | D:4      | Found a shattered altar of Ashenzari.
  3978 | D:4      | Found a hide-covered altar of Uskayaw.
  4082 | D:4      | Found a sand-covered staircase.
  4086 | Ossuary  | Entered an ossuary
  4086 | Ossuary  | Noticed Xiguana's ghost (novice DrCK)
  4539 | D:4      | Reached skill level 1 in Charms
  4698 | D:4      | Reached skill level 1 in Hexes
  4698 | D:4      | Reached skill level 8 in Necromancy
  4830 | D:4      | Reached skill level 5 in Spellcasting
  4979 | D:4      | Reached XP level 7. HP: 28/36 MP: 12/17
  5030 | D:5      | Entered Level 5 of the Dungeon
  5039 | D:5      | Learned a level 4 spell: Control Undead
  5444 | D:5      | Reached skill level 9 in Necromancy
  5703 | D:6      | Reached skill level 1 in Short Blades
  5747 | D:6      | Noticed Menkaure
  5970 | D:6      | Found Widwitri's Food Shop.
  6398 | D:7      | Found an opulent altar of Gozag.
  6494 | D:8      | Reached ** piety under Kikubaaqudgha
  6573 | D:8      | Your ally died
  6576 | D:8      | Reached XP level 8. HP: 23/42 MP: 15/19
  6769 | D:6      | Mangled by an ogre

Skill      XL: |  1  2  3  4  5  6  7 |
---------------+----------------------+-----
Necromancy     | 5 6 7 8 9 |  9.8
Spellcasting   | 4 5 6 |  6.5
Charms         | 1 |  1.9
Stealth        | 3 |  3.8
Hexes          | 1 |  1.0
Dodging        | 3 |  3.2
Short Blades   | 1 |  1.2
Fighting       | |  0.4
Throwing       | |  0.2

Action                   |  1- 3 |  4- 6 |  7- 9 || total
-------------------------+-------+-------+-------++-------
Melee: Dagger            |    18 |    83 |    84 ||   185
Throw: Tomahawk          |       |     4 |     2 ||     6
 Cast: Pain              |    64 |    97 |    56 ||   217
       Animate Skeleton  |     5 |     8 |       ||    13
       Regeneration      |     1 |    14 |    18 ||    33
       Confuse           |       |     7 |       ||     7
       Animate Dead      |       |     6 |     6 ||    12
       Control Undead    |       |       |    10 ||    10
  Use: Scroll            |       |     9 |       ||     9
       Potion            |       |       |     1 ||     1
 Stab: Sleeping          |     1 |     2 |       ||     3
       Distracted        |       |       |     1 ||     1
  Eat: Chunk             |     3 |     9 |       ||    12
       Royal jelly       |       |     1 |       ||     1
       Fruit             |       |     1 |       ||     1
       Meat ration       |       |       |     2 ||     2
       Pizza             |       |       |     1 ||     1
Armor: Robe              |     2 |    14 |    18 ||    34
Dodge: Dodged            |    15 |    49 |    79 ||   143
